 Dungeon Crawl Stone Soup version 0.21.1-1-g345015f (webtiles) character file.

21 shakethe the Chopper (level 2, 18/23 HPs)
             Began as a Demonspawn Gladiator on Feb 25, 2018.
             Quit the game on level 1 of the Dungeon.
             The game lasted 00:00:22 (215 turns).

shakethe the Chopper (Demonspawn Gladiator)          Turns: 215, Time: 00:00:23

Health: 18/23      AC:  4    Str: 14    XL:     2   Next: 62%
Magic:  2/2        EV: 13    Int:  9    God:
Gold:   21         SH:  0    Dex: 14    Spells: 1/1 levels left

rFire    . . .     SeeInvis .   a - +0 war axe
rCold    . . .     Gourm    .   (no shield)
rNeg     . . .     Faith    .   b - +0 leather armour
rPois    .         Spirit   +   c - +0 helmet
rElec    .         Reflect  .   (no cloak)
rCorr    .         Harm     .   (no gloves)
MR       .....                  (no boots)
Stlth    +.........             (no amulet)
HPRegen  0.07/turn              (no ring)
MPRegen  0.08/turn              (no ring)

@: no status effects
A: magic shield
a: no special abilities


You were on level 1 of the Dungeon.
You were not hungry.

You visited 1 branch of the dungeon, and saw 1 of its levels.

You collected 21 gold pieces.

Inventory:

Hand Weapons
 a - a +0 war axe (weapon)
Missiles
 d - 3 throwing nets {=f, !d}
Armour
 b - a +0 leather armour (worn)
 c - a +0 helmet (worn)
Potions
 e - a potion of brilliance {unknown}
 g - a potion of lignification {unknown}
 h - a potion of berserk rage {unknown}
Comestibles
 f - 3 rations


   Skills:
 + Level 2.4 Fighting
 + Level 3.0 Axes
 - Level 1.7 Throwing
 + Level 3.0 Dodging


You had one spell level left.
You didn't know any spells.

Dungeon Overview and Level Annotations

Branches:
Dungeon (1/15)

Altars:


Innate Abilities, Weirdness & Mutations

When hurt, damage is shared between your health and your magic reserves.


Message History

MP restored: 2 The rat bites you.
You take 1 damage, and have 21/22 hp.
You barely miss the rat. The rat barely misses you.
You hit the rat. The rat bites you but does no damage.
You hit the rat.
You kill the rat!
No target in view!
Health restored: 22 No target in view!
No target in view!
No target in view!
No target in view!
A bat comes into view.
The helpless bat fails to defend itself.
You hit the bat but do no damage. The bat barely misses you.
The bat hits you but does no damage. The bat misses you.
You hit the bat. The bat hits you but does no damage.
The bat completely misses you. The bat closely misses you.
You slash the bat!
You kill the bat!
Health restored: 23 No target in view!
No target in view!
No target in view!
No target in view!
No target in view!
No target in view!
No target in view!
A rat comes into view.
The rat completely misses you.
You hit the rat.
You kill the rat!
Your Axes skill increases to level 3!
No target in view!
No target in view!
No target in view!
No target in view!
No target in view!
No target in view!
No target in view!
You see here a rat corpse.
You see here a leather armour.
A hobgoblin comes into view. It is wielding a club.
The hobgoblin shouts!
You hear an angry hiss.
You hear a shout!
You closely miss the hobgoblin. The hobgoblin misses you.
You hit the hobgoblin but do no damage.
The hobgoblin hits you but does no damage. x2
You slash the hobgoblin!
You kill the hobgoblin!
No target in view!
No target in view!
No target in view!
No target in view!
No target in view!
No target in view!
A kobold comes into view.
You see here a club.
The kobold hits you but does no damage.
You barely miss the kobold. The kobold hits you. x2
You take 4 damage, and have 19/23 hp.
You now have 1/2 mp.
You closely miss the kobold. The kobold closely misses you.
You slash the kobold!
You kill the kobold!
Your Dodging skill increases to level 3!
No target in view!
No target in view!
No target in view!
No target in view!
No target in view!
No target in view!
A dart slug comes into view.
You regained 2 hp, and now have 22/23 hp.
MP restored: 2 A leopard gecko comes into view.
You hit the leopard gecko. The leopard gecko barely misses you.
The leopard gecko hisses menacingly.
The leopard gecko barely misses you.
You slash the leopard gecko!
You kill the leopard gecko!
Health restored: 23 You slash the dart slug!
The dart slug launches a dart at you. The slug dart hits you!
You take 5 damage, and have 18/23 hp.
MASSIVE DAMAGE!!
You hit the dart slug but do no damage. The dart slug misses you.
You hit the dart slug.
You kill the dart slug!
No target in view!
No target in view!
No target in view!
No target in view!
No target in view!
No target in view!
No target in view!
No target in view!
No target in view!
Assign waypoint to what number? (0-9)
Okay, then.

.# #..## ##.# ....#### #
#...# #.(##........
#.#.###.##.........
##>................
##............##..#
##.................#
###...#.........#.#..#
#................†# .#
...............%@#......
..†............†## .....
#...............# ....
..###............ ...
#...............w ##
..##............. #..
..........#.. ###.
.......# .. ..


There were no monsters in sight!

Vanquished Creatures
  A dart slug (D:1)
  2 leopard geckos (D:1)
  3 bats (D:1)
  A goblin (D:1)
  A hobgoblin (D:1)
  3 jackals (D:1)
  3 kobolds (D:1)
  3 rats (D:1)
17 creatures vanquished.

Notes
Turn   | Place    | Note
-------+----------+-------------------------------------------
     0 | D:1      | shakethe the Demonspawn Gladiator began the quest for the Orb.
     0 | D:1      | Reached XP level 1. HP: 16/16 MP: 1/1
    91 | D:1      | Gained mutation: When hurt, damage is shared between your health and your magic reserves. [demonic ancestry]
    91 | D:1      | Reached XP level 2. HP: 22/22 MP: 2/2
   137 | D:1      | Reached skill level 3 in Axes
   170 | D:1      | Reached skill level 3 in Dodging
   215 | D:1      | Quit the game

Skill      XL: |  1  2 |
---------------+-------+-----
Axes           | 3 |  3.0
Dodging        | 3 |  3.0
Fighting       | |  2.4
Throwing       | |  1.7

Action                   || total
-------------------------++-------
Melee: War axe           ||    37
 Stab: Sleeping          ||     1
Armor: Leather armour    ||    15
Dodge: Dodged            ||    27

Vault maps used:
D:1:      sevenhm_arrival_forest_fort_large_2

Table legend:
 A = Turns spent in this place as a percentage of turns spent in the entire game.
 B = Non-inter-level travel turns spent in this place as a percentage of non-inter-level travel turns spent in the entire game.
 C = Inter-level travel turns spent in this place as a percentage of turns spent in this place.
 D = Turns resting spent in this place as a percentage of non-inter-level travel turns spent in this place.
 E = Turns spent auto-exploring this place as a percentage of non-inter-level travel turns spent in this place.
 F = Non-inter-level travel turns spent in this place divided by the number of levels of this place that you've seen.
                   A       B       C       D       E      F
               +-------+-------+-------+-------+-------+----------------------
         Total | 100.0 | 100.0 |   0.0 |   0.0 |  66.0 | 215.0
       Dungeon | 100.0 | 100.0 |   0.0 |   0.0 |  66.0 | 215.0
               +-------+-------+-------+-------+-------+----------------------

Table legend:
 A = Kills in this place as a percentage of kills in entire the game.
 B = Kills by you in this place as a percentage of kills by you in the entire game.
 C = Kills by friends in this place as a percentage of kills by friends in the entire game.
 D = Other kills in this place as a percentage of other kills in the entire game.
 E = Experience gained in this place as a percentage of experience gained in the entire game.
 F = Experience gained in this place divided by the number of levels of this place that you have seen.
                   A       B       C       D       E      F
               +-------+-------+-------+-------+-------+----------------------
         Total | 100.0 | 100.0 |   N/A |   N/A | 100.0 |  30.0
       Dungeon | 100.0 | 100.0 |   N/A |   N/A | 100.0 |  30.0
               +-------+-------+-------+-------+-------+----------------------
